Map: Tokamak LE

Players

IlIlIlIlIlII

  • Race: Terran Terran
  • League: Diamond
  • Spawn Location: 1:00

Harry - Winner!

  • Race: Protoss Protoss
  • League: Diamond
  • Spawn Location: 7:00

VOD

Have the link to the VOD?

Description

Time

  • Played on: July 25, 2025, 4:27 p.m.
  • Length: 12:13
Show
View Real Time Build Order
Export as new Build Order

IlIlIlIlIlII Terran 

Build Orders:  

Get SALT Encoding   

  12  0:11  Supply Depot  
  12  0:13  SCV  
  13  0:25  SCV  
  14  0:35  Barracks  
  14  0:38  SCV  
  15  0:50  SCV  
  16  1:20  Command Center  
  16  1:28  Bunker  
  16  1:32  Supply Depot  
  16  1:35  Marine  
  17  1:43  Orbital Command  
  17  1:52  Marine  
  18  1:58  Refinery  
  18  2:01  Refinery  
  18  2:09  SCV  
  18  2:10  Marine  
  20  2:21  SCV  
  21  2:30  Engineering Bay  
  21  2:35  Orbital Command  
  21  2:36  SCV  
  22  2:37  Marine  
  23  2:52  SCV  
  23  2:58  Missile Turret  
  24  3:03  Missile Turret  
  24  3:05  Barracks Tech Lab  
  24  3:06  SCV x2  
  24  3:10  Terran Infantry Weapons Level 1  
  26  3:18  SCV x2  
  28  3:26  Stimpack, Marine  
  29  3:30  SCV  
  29  3:31  SCV  
  31  3:36  Barracks  
  31  3:43  SCV x2  
  31  3:47  Marine  
  34  3:54  Barracks  
  34  3:57  Factory  
  34  3:59  SCV  
  34  4:01  SCV  
  36  4:05  Marine  
  37  4:11  SCV  
  37  4:16  SCV  
  39  4:23  Marine  
  39  4:24  Marine  
  40  4:30  Missile Turret  
  41  4:40  Supply Depot  
  41  4:41  Marine  
  41  4:42  Marine  
  41  4:43  Starport  
  41  4:44  Factory Reactor  
  43  4:46  Barracks Tech Lab  
  43  4:59  Marine, SCV x2  
  46  5:01  Barracks Reactor  
  46  5:06  Terran Infantry Armor Level 1  
  46  5:09  Barracks  
  46  5:10  Barracks  
  46  5:11  Combat Shield  
  46  5:14  SCV  
  46  5:17  Concussive Shells  
  46  5:19  SCV  
  48  5:26  Orbital Command  
  48  5:28  Missile Turret  
  48  5:33  Marauder  
  51  5:42  SCV  
  51  5:52  Supply Depot  
  51  5:53  SCV  
  51  5:55  SCV  
  53  5:58  Barracks Tech Lab  
  53  5:59  Barracks Reactor  
  53  6:04  Missile Turret  
  53  6:06  Supply Depot  
  53  6:08  SCV  
  53  6:10  Factory Tech Lab  
  55  6:11  SCV  
  55  6:15  Medivac  
  55  6:17  Medivac  
  59  6:21  Supply Depot  
  59  6:30  Marine x4  
  59  6:31  Marine  
  64  6:35  Refinery  
  64  6:37  Refinery  
  64  6:38  Marine  
  65  6:43  Marine  
  66  6:48  Marine x5  
  71  6:55  Supply Depot, Marine  
  71  6:58  Viking x2  
  76  7:03  Siege Tank  
  76  7:06  SCV  
  76  7:07  SCV  
  81  7:12  Armory  
  81  7:20  Marauder x2  
  81  7:21  Marauder  
  87  7:22  Marine  
  87  7:23  Marine x2  
  90  7:35  Viking  
  92  7:37  Viking  
  92  7:42  Marauder x2  
  98  7:51  Marauder, Marine x2  
  100  7:52  Marine  
  102  8:00  Supply Depot  
  102  8:01  Supply Depot x2  
  102  8:03  Terran Infantry Weapons Level 2  
  102  8:04  Terran Ship Weapons Level 1  
  102  8:05  Marine  
  102  8:26  Marine x3  
  101  8:27  Marine x2  
  101  8:28  Marauder x2  
  101  8:31  Viking  
  110  8:38  Supply Depot  
  110  8:40  Supply Depot  
  110  8:44  Marine x2  
  110  8:45  Marauder  
  114  9:00  Marine x4  
  114  9:01  Siege Tank  
  114  9:02  Marine, Medivac x2  
  126  9:07  Marine  
  126  9:08  Marine  
  127  9:17  Marine  
  128  9:29  Marauder x2  
  128  9:30  Marauder, Marine x3  
  135  9:42  Medivac x2  
  139  9:51  Marauder  
  141  10:12  Viking, SCV  
  127  10:20  Marine  
  127  10:21  Marine x4  
  78  10:32  Medivac  
  78  10:33  Marine  
  81  10:39  Marine  
  82  10:50  SCV x2  
  82  10:57  Marine  
  58  11:27  Marine  
  53  11:36  SCV  
  54  11:53  SCV  
Show
View Real Time Build Order
Export as new Build Order

Harry Protoss - Winner!

Build Orders: Colossus Rush 

Get SALT Encoding   

  12  0:02  Probe  
  13  0:15  Probe  
  13  0:17  Pylon  
  14  0:27  Probe  
  15  0:36  Gateway  
  15  0:37  Probe  
  16  0:45  Probe  
  16  0:49  Assimilator  
  17  0:53  Probe  
  18  1:05  Probe  
  19  1:17  Probe  
  20  1:27  Cybernetics Core  
  20  1:29  Probe  
  21  1:45  Probe  
  22  1:49  Nexus  
  22  1:53  Pylon  
  22  2:00  Assimilator  
  22  2:02  Adept  
  22  2:04  Probe  
  23  2:11  Warp Gate  
  25  2:16  Probe  
  26  2:28  Stalker  
  26  2:31  Probe  
  29  2:43  Probe  
  30  2:48  Robotics Facility  
  30  2:51  Pylon  
  30  2:55  Probe  
  31  3:02  Gateway  
  31  3:03  Probe  
  32  3:07  Probe  
  33  3:15  Probe  
  34  3:21  Probe  
  35  3:27  Probe  
  35  3:29  Probe  
  37  3:35  Pylon  
  37  3:38  Observer, Probe  
  37  3:39  Probe  
  40  3:50  Probe  
  40  3:51  Probe  
  40  3:52  Assimilator  
  40  3:54  Pylon  
  42  3:56  Robotics Bay  
  42  4:04  Probe x2  
  44  4:15  Sentry  
  44  4:16  Probe x2  
  48  4:18  Assimilator  
  48  4:28  Probe x2  
  50  4:37  Gateway  
  50  4:40  Probe x2, Twilight Council  
  52  4:52  Probe  
  52  4:53  Probe  
  52  4:57  Observer  
  52  4:58  Extended Thermal Lance  
  54  5:05  Probe x2  
  54  5:06  Stalker x2  
  60  5:17  Probe  
  61  5:22  Colossus  
  61  5:23  Nexus  
  61  5:24  Pylon  
  67  5:28  Charge  
  67  5:30  Pylon  
  67  5:31  Zealot  
  69  5:38  Pylon  
  69  5:49  Forge  
  69  5:51  Pylon, Forge  
  69  5:53  Protoss Ground Weapons Level 1  
  69  5:54  Protoss Ground Armor Level 1  
  69  5:58  Gateway, Probe x2  
  69  6:00  Gateway x2, Pylon  
  69  6:01  Pylon  
  71  6:10  Probe  
  72  6:16  Colossus  
  78  6:31  Probe x2  
  80  6:34  Dark Shrine  
  80  6:41  Probe  
  80  6:43  Probe x2  
  80  6:44  Gateway x2  
  83  6:47  Pylon  
  83  6:56  Stalker x4  
  91  7:03  Shield Battery  
  91  7:09  Assimilator  
  91  7:10  Probe x3  
  91  7:11  Assimilator  
  91  7:14  Blink  
  94  7:16  Colossus  
  99  7:33  Zealot x2  
  99  7:34  Protoss Ground Weapons Level 2, Protoss Ground Armor Level 2, Zealot x4  
  111  8:24  Colossus  
  117  8:38  Probe x3  
  120  8:50  Probe x2  
  120  8:51  Templar Archives  
  120  8:53  Nexus  
  122  8:56  Pylon x2, Probe  
  122  9:00  Assimilator x2  
  122  9:02  Probe x2  
  125  9:07  Pylon  
  117  9:18  Colossus  
  117  9:21  Robotics Facility  
  117  9:22  Dark Templar x2  
  117  9:23  Dark Templar x2  
  131  9:25  Pylon, Stalker x4  
  131  9:28  Archon x2  
  131  9:30  Probe x3  
  142  9:42  Probe  
  143  9:47  Probe x2  
  145  9:54  Pylon, Probe  
  145  9:55  Psionic Storm  
  145  9:59  High Templar x2  
  150  10:00  High Templar  
  150  10:03  Pylon  
  82  10:29  Zealot x5  
  82  10:32  Dark Templar x3  
  98  10:49  Immortal, Archon  
  92  10:50  Zealot x4  
  92  10:51  Zealot  
  92  10:55  Immortal  
  86  11:14  Zealot x4  
  86  11:15  Dark Templar x4  
  78  11:34  Immortal  
  82  11:41  Zealot x4  
  90  11:49  Zealot  
  90  11:50  Zealot x3  
  102  11:56  Archon  
  102  12:05  Stargate  
  102  12:10  Stargate  
  102  12:11  Gateway  
Tags
 
Add a new tag
Caveats
  • Supply blocks, unpowered buildings, or Contaminate may cause inaccurate times.
  • Supply counts are checked every 10 seconds.